 Dungeon Crawl Stone Soup version 0.31-a0-1611-g890cdf5628 (webtiles) character file.

Game seed: 2088512208427954864

42 NateTC the Trooper (level 3, 0/24 HPs)
             Began as a Gargoyle Fighter on Jan 8, 2024.
             Slain by an ufetubus (2 damage)
             ... on level 3 of the Dungeon.
             The game lasted 00:04:20 (2056 turns).

NateTC the Trooper (Gargoyle Fighter)               Turns: 2056, Time: 00:04:21

Health: 0/24       AC: 15    Str: 21    XL:     3   Next: 54%
Magic:  0/3        EV:  5    Int:  8    God:
Gold:   120        SH:  4    Dex:  9    Spells: 2/2 levels left

rFire   . . .        a - +0 flail
rCold   . . .        c - +0 buckler
rNeg    + . .        g - +1 plate armour
rPois   ∞            (no helmet)
rElec   +            (no cloak)
rCorr   .            (no gloves)
SInv    .            (no boots)
Will    .....        f - amulet of guardian spirit Stlth
                     (no ring)
HPRegen 0.24/turn    (no ring)
MPRegen 0.08/turn

%: guardian spirit
@: mighty
A: sickness immunity, AC +3, negative energy resistance 1, electricity
resistance, torment resistance 1, petrification resistance
a: no special abilities


You were on level 3 of the Dungeon.
You visited 1 branch of the dungeon, and saw 3 of its levels.

You collected 120 gold pieces.

Inventory:

Hand Weapons
 a - a +0 flail (weapon)
Armour
 b - a +0 scale mail
 c - a +0 buckler (worn)
 g - a +1 plate armour (worn)
 h - a scarf of invisibility
Jewellery
 f - an amulet of guardian spirit (around neck)
Potions
 e - a potion of haste
 i - a potion of cancellation
 j - a potion of heal wounds {unknown}


   Skills:
 * Level 4.4 Fighting
 + Level 2.7 Maces & Flails
 - Level 3.2 Armour
 - Level 3.2 Shields


You had 2 spell levels left.
You didn't know any spells.
Your spell library was empty.

Dungeon Overview and Level Annotations

Branches:
Dungeon (3/15) Zot: 15899

Altars:

Shops:
D:2 =


Innate Abilities, Weirdness & Mutations

You are immune to sickness and miasma.
Your stone body is resilient. (AC +3)
You are immune to poison.
You resist negative energy. (rN+)
You are resistant to electric shocks. (rElec)
You are resistant to unholy torment.
You are immune to petrification.


Message History

You closely miss the ufetubus.
The ufetubus is moderately wounded.
The ufetubus hits you but does no damage.
You block the ufetubus's attack. The ufetubus barely misses you.
You block the ufetubus's attack. The ufetubus closely misses you.
The ufetubus hits you but does no damage.
The ufetubus hits you.
* * * LOW HITPOINT WARNING * * *
The ufetubus hits you but does no damage.
You hit the ufetubus.
The ufetubus is severely wounded.
The ufetubus barely misses you. The ufetubus hits you.
* * * LOW HITPOINT WARNING * * *
The ufetubus hits you.
* * * LOW HITPOINT WARNING * * *
You block the ufetubus's attack.
The ufetubus hits you but does no damage.
The ufetubus hits you.
* * * LOW HITPOINT WARNING * * *
The ufetubus hits you but does no damage. x2
You feel very mighty all of a sudden.
The ufetubus hits you but does no damage.
You block the ufetubus's attack. x2
The ufetubus hits you but does no damage.
You sock the ufetubus!
The ufetubus is almost dead.
The ufetubus hits you but does no damage. x2
The ufetubus barely misses you.
The ufetubus hits you but does no damage.
The ufetubus barely misses you.
The ufetubus hits you but does no damage. x3
You closely miss the ufetubus.
The ufetubus is almost dead.
The ufetubus hits you.
* * * LOW HITPOINT WARNING * * *
The ufetubus hits you but does no damage.
The ufetubus barely misses you. You block the ufetubus's attack.
The ufetubus hits you but does no damage.
The ufetubus hits you.
You die...

######......).....#
..........###.###.#
.######.#####.######.
####.# #.......#.
.=##.# #.#####.#.
#.##.# #.#####.#.
#.##.# #.......#.
#5##.# #########.
##.###@##.#
#......5..$#
#######..### #..#
#..# #..# #..# #$.#
####


You could see 2 ufetubi.

Vanquished Creatures
  A ribbon worm (D:2)
  2 endoplasms
  A giant cockroach (D:2)
  8 goblins
  5 hobgoblins
  4 ball pythons
  A bat (D:1)
  3 kobolds
  14 rats
39 creatures vanquished.

Notes
Turn   | Place    | Note
-------+----------+-------------------------------------------
     0 | D:1      | NateTC the Gargoyle Fighter began the quest for the Orb.
     0 | D:1      | Reached XP level 1. HP: 14/14 MP: 1/1
   237 | D:1      | Reached XP level 2. HP: 20/20 MP: 2/2
   610 | D:1      | Reached skill level 4 in Fighting
  1038 | D:2      | Reached XP level 3. HP: 24/24 MP: 3/3
  1673 | D:2      | Found Rekhire's Jewellery Boutique.
  2056 | D:3      | Slain by an ufetubus

Illustrated notes

Levels and vault maps discovered:
D:1:      lightli_arrival_quake, layout_basic, minmay_rat_gold_closets
D:2:      kennysheep_the_goblin_king, layout_basic, serial_shops, shop
D:3:      layout_loops_ring, serial_co_window_serial, co_window_paths_a,
          co_window_paths_a, co_window_paths_a, co_window_of_opportunity_a,
          co_window_paths_a, co_window_corner_a, co_window_unsneaky_path_a,
          co_window_of_opportunity_b, co_window_cross_4, co_window_2corner,
          glass_columns_b, glass_columns_a, gammafunk_ghost_necromancy

Skill      XL: |  1  2 |
---------------+-------+-----
Fighting       | 4 |  4.4
Maces & Flails | |  2.7
Armour         | |  3.2
Shields        | |  3.2

Action                     || total
---------------------------++-------
  Melee: Flail             ||   139
    Use: Scroll            ||     4
         Potion            ||     1
 Armour: Scale mail        ||    85
         Plate armour      ||    54
  Dodge: Dodged            ||    77
  Block: Buckler           ||    43

Table legend: (Time is in decaauts)
 A = Elapsed time spent in this place.
 B = Non-inter-level travel time spent in this place.
 C = Inter-level travel time spent in this place.
 D = Time resting spent in this place.
 E = Time spent auto-exploring this place.
 F = Levels seen in this place.
 G = Mean time per level.
                   A        B        C        D        E       F      G
               +--------+--------+--------+--------+--------+-----+--------+
         Total |   2099 |   2017 |     82 |     41 |   1257 |   3 |  699.7 |
       Dungeon |   2099 |   2017 |     82 |     41 |   1257 |   3 |  699.7 |
               +--------+--------+--------+--------+--------+-----+--------+

Top non-repeatable levels by time:
     D:2: 986 daAuts
     D:1: 963 daAuts
     D:3: 148 daAuts
